AoeStats
← Gcoli4599

Arena

510678145Analyzed
1v1 RM · 15h ago on Oct 2, 2026· 47m 19s· 2 players
Game mode
Random Map
Map size
Tiny (2 player)
Population
200
Speed
Normal
Resources
Standard
Victory
Conquest
Starting age
Dark Age
Ending age
Imperial Age
RankedLock teamsTeams togetherTeam positionsShared explorationLock speedFull tech treeHidden civsTurbo modeCheats
Victory
Defeat
🇻🇪 Teutons · Venezuela
472
+19
🇦🇷 Franks · Argentina
539
-19
gerligps
0:37 Loom
10:32 Feudal Age
11:51 Wheelbarrow
11:06 Double-Bit Axe
11:07 Horse Collar
12:22 Gold Mining
19:56 Castle Age
18:30 Stone Mining
21:59 Hand Cart
22:09 Bow Saw
22:33 Heavy Plow
26:09 Stone Shaft Mining
28:32 Pikeman
32:27 Squires
32:13 Gambesons
36:22 Imperial Age
34:15 Fletching
34:36 Forging
34:28 Scale Mail Armor
34:45 Fortified Wall
35:49 Bodkin Arrow
36:39 Iron Casting
37:43 Conscription
37:51 Crenellations
37:02 Halberdier
40:50 Blast Furnace
40:08 Chain Mail Armor
41:07 Two-Man Saw
41:04 Scale Barding Armor
41:00 Padded Archer Armor
42:06 Chemistry
41:28 Ballistics
47:26 Plate Mail Armor
Gcoli4599
4:11 Loom
10:13 Feudal Age
10:47 Double-Bit Axe
10:55 Town Watch
16:25 Wheelbarrow
20:48 Castle Age
18:51 Gold Mining
19:08 Scale Mail Armor
21:00 Arson
20:39 Man-at-Arms
29:34 Ballistics
29:12 Murder Holes
29:32 Pikeman
29:38 Elite Skirmisher
31:23 Squires
31:10 Crossbowman
34:02 Gold Shaft Mining
33:21 Stone Mining
33:51 Hand Cart
34:43 Town Patrol
38:09 Imperial Age
36:28 Fortified Wall
38:31 Husbandry
37:52 Light Cavalry
38:51 Fletching
39:01 Padded Archer Armor
39:12 Forging
43:03 Chemistry
41:52 Capped Ram
46:43 Cavalier
Connection lost

Rejoining the realm…

Still unreachable

The connection could not be restored.

Session expired

The server has moved on; the page needs a fresh start.